 Dungeon Crawl Stone Soup version 0.23.1 (webtiles) character file.

Game seed: 0

145 Gargoyl the Skirmisher (level 5, -7/46 HPs)
             Began as a Centaur Abyssal Knight on Mar 7, 2019.
             Was a Believer of Lugonu.
             Mangled by an ogre
             ... wielding a +0 giant spiked club
              (18 damage)
             ... on level 3 of the Dungeon.
             The game lasted 00:04:58 (3089 turns).

Gargoyl the Skirmisher (Centaur Abyssal Knight)     Turns: 3089, Time: 00:04:58

Health: -7/46      AC:  9    Str: 14 (15) XL:     5   Next: 6%
Magic:  7/7        EV:  4    Int: 10 (11) God:    Lugonu [**....]
Gold:   221        SH:  0    Dex:  9      Spells: 4/4 levels left

rFire    . . .     SeeInvis .   a - +4 hand axe
rCold    . . .     Gourm    .   (no shield)
rNeg     . . .     Faith    .   b - +0 chain mail
rPois    .         Spirit   .   d - +1 helmet
rElec    .         Reflect  .   (no cloak)
rCorr    .         Harm     .   (no gloves)
MR       .....                  (no barding)
Stlth    ..........             (no amulet)
HPRegen  0.15/turn              (no ring)
MPRegen  0.10/turn              (no ring)

@: very quick
A: large, hooves 3, deformed body, speed 2, tough skin 3
a: Depart the Abyss, Bend Space, Renounce Religion


You were on level 3 of the Dungeon.
You worshipped Lugonu.
Lugonu was pleased with you.
You were not hungry.

You visited 1 branch of the dungeon, and saw 4 of its levels.
You visited the Abyss 1 time.

You collected 221 gold pieces.

Inventory:

Hand Weapons
 a - a +4 hand axe (weapon)
Armour
 b - a +0 chain mail (worn)
 d - a +1 helmet (worn)
Jewellery
 g - an uncursed ring of flight {unknown}
Wands
 m - a wand of flame (7)
Scrolls
 e - a scroll of amnesia
 h - 2 scrolls of identify
 j - 3 scrolls of remove curse
 k - 3 scrolls of teleportation
 n - a scroll of fear {unknown}
Potions
 f - a potion of curing
 i - 2 potions of haste {unknown}
 l - a potion of cancellation {unknown}
Comestibles
 c - 5 rations


   Skills:
 + Level 3.7 Fighting
 + Level 2.9 Axes
 * Level 2.2 Armour
 * Level 1.3 Dodging
 * Level 2.7 Invocations


You had 4 spell levels left.
You didn't know any spells.
Your spell library was empty.

Dungeon Overview and Level Annotations

Branches:
Dungeon (4/15)
 Temple: D:4-7

Altars:
Gozag
Makhleb
Okawaru
Wu Jian


Innate Abilities, Weirdness & Mutations

You have hooves in place of feet.
Armour fits poorly on your strangely shaped body.
You cover ground very quickly.
You have extremely tough skin. (AC +3)


Message History

You see here an orc corpse.
An ogre comes into view. It is wielding a +0 giant spiked club.
The ogre shouts!
You see here an orc corpse.
You see here a +0 club.
There is a stone staircase leading up here.
The ogre hits you with a +0 giant spiked club!
You climb upwards.
There is a stone staircase leading down here.
You hit the ogre.
The ogre is lightly wounded.
The ogre hits you with a +0 giant spiked club!!
You closely miss the ogre.
The ogre is lightly wounded.
The ogre hits you with a +0 giant spiked club.
* * * LOW HITPOINT WARNING * * *
Your chain mail prevents you from hitting the ogre.
The ogre is lightly wounded.
The ogre hits you with a +0 giant spiked club!!
You die...

...#.........##........##.......#
.###..........##'#..............#
.# #..........##.#..............'
.# #...........#)#########......#
.# #.........#.#.# #......# .#
#.........#.#.##### #.)....# .#
#.........#.......# ######## .#
#.........#.......#
.###.........#.(@....#
............##..O....#
.##########.##.......# ##
#.##.......# #.##.......#
#.##.....).# #.########## #.#
#.#########


You could see an ogre.

Vanquished Creatures
  Robin (D:1)
  5 adders (D:3)
  3 worms
  2 dart slugs (D:1)
  A leopard gecko (D:1)
  5 orcs
  7 bats
  3 giant cockroaches
  12 goblins
  4 hobgoblins
  3 jackals (D:1)
  11 kobolds
  2 quokkas
  A ball python (D:1)
  3 frilled lizards
  A leopard gecko skeleton (D:4)
  5 rats
69 creatures vanquished.

Notes
Turn   | Place    | Note
-------+----------+-------------------------------------------
     0 | Abyss:1  | Gargoyl the Centaur Abyssal Knight began the quest for the
                  | Orb.
     0 | Abyss:1  | Reached XP level 1. HP: 19/19 MP: 2/2
    48 | Abyss:1  | Noticed a rakshasa
    90 | Abyss:1  | Found a corrupted altar of Lugonu.
   179 | Abyss:2  | Noticed a smoke demon
   181 | D:1      | Escaped the Abyss
   222 | D:1      | Reached XP level 2. HP: 16/26 MP: 3/3
   355 | D:1      | Reached * piety under Lugonu
   698 | D:1      | Reached skill level 1 in Dodging
   725 | D:1      | Reached XP level 3. HP: 31/31 MP: 4/4
   933 | D:2      | Noticed Robin
   956 | D:1      | Killed Robin
  1650 | D:2      | Reached ** piety under Lugonu
  1655 | D:2      | Reached XP level 4. HP: 35/38 MP: 5/5
  1682 | D:2      | Found an ornate altar of the Wu Jian Council.
  2017 | D:3      | Found an iron altar of Okawaru.
  2017 | D:3      | Found a burning altar of Makhleb.
  2018 | D:3      | Found an opulent altar of Gozag.
  2891 | D:3      | Reached XP level 5. HP: 43/46 MP: 7/7
  3079 | D:4      | Noticed an ogre
  3089 | D:3      | Mangled by an ogre

Skill      XL: |  1  2  3  4 |
---------------+-------------+-----
Axes           | 2 |  2.9
Dodging        | 1 |  1.3
Armour         | 2 |  2.2
Fighting       | |  3.7
Invocations    | |  2.7

Action                   |  1- 3 |  4- 6 || total
-------------------------+-------+-------++-------
Melee: Hand axe          |    92 |    60 ||   152
       Kick              |     9 |    11 ||    20
Invok: Depart the Abyss  |     1 |       ||     1
  Use: Scroll            |     6 |     1 ||     7
       Potion            |     4 |       ||     4
  Eat: Chunk             |       |     5 ||     5
Armor: Leather armour    |    36 |       ||    36
       Chain mail        |    26 |    30 ||    56
Dodge: Dodged            |    59 |    10 ||    69
